 Dungeon Crawl Stone Soup version 0.26-a0-1126-g3318b609a0 (webtiles) character file.

Game seed: 13670211701146987975

460468 raph the Metallomancer (level 24, -8/148 HPs)
             Began as a Gargoyle Earth Elementalist on Dec 16, 2020.
             Was the Champion of Zin.
             Mangled by a spriggan berserker
             ... wielding a +0 hand axe
              (15 damage)
             ... on level 4 of the Depths on Dec 17, 2020.
             The game lasted 04:34:36 (81862 turns).

raph the Metallomancer (GrEE)                      Turns: 81862, Time: 04:34:36

Health: -8/148     AC: 46    Str: 20    XL:     24   Next: 47%
Magic:  14/38      EV: 22    Int: 37    God:    Zin [******]
Gold:   564        SH:  9    Dex: 21    Spells: 8/46 levels left

rFire    . . .     SeeInvis .   a - +7 morningstar of Guile {vorpal, Will+ Int+4 Dex+4}
rCold    . . .     Faith    .   T - +3 buckler
rNeg     + . .     Spirit   .   I - +7 faerie dragon scales {rCorr Int+3}
rPois    ∞         Reflect  .   K - -2 helmet "Qepialit" {Str+4 Int+3 Dex+2}
rElec    +         Harm     .   G - +2 cloak {Stlth+}
rCorr    +         Rampage  .   J - +2 pair of gloves {Str+3}
Will     ++...                  c - +2 pair of boots of the Worm {+Inv rPois rCorr Dex+2}
Stlth    +++++.....             x - amulet of the Evening {Acrobat Fragile rPois Int+3 Slay+5}
HPRegen  0.34/turn              Y - +4 ring of protection
MPRegen  0.26/turn              Q - +4 ring of slaying

@: flying, very slightly contaminated
A: big wings, negative energy resistance 1, electricity resistance, unbreathing,
petrification resistance, miasma immunity, AC +18
}: 2/15 runes: serpentine, barnacled
a: Stop Flying, Renounce Religion, Evoke Invisibility, Recite, Vitalisation,
Imprison, Sanctuary, Donate Gold


You were on level 4 of the Depths.
You worshipped Zin.
Zin was exalted by your worship.
You visited 9 branches of the dungeon, and saw 44 of its levels.
You visited the Abyss 1 time.
You visited 1 bazaar.
You also visited: Sewer, Bailey, Ice Cave and Volcano.

You collected 7730 gold pieces.
You spent 6736 gold pieces at shops.
You donated 430 gold pieces to Zin.

Inventory:

Hand Weapons
 a - the +7 morningstar of Guile (weapon) {vorpal, Will+ Int+4 Dex+4}
   (You bought it in a shop on level 4 of the Dungeon)

   It inflicts extra damage upon your enemies.
   It affects your intelligence (+4).
   It affects your dexterity (+4).
   It affects your willpower, your defense against some magical effects.
 h - a +0 morningstar of freezing
Missiles
 i - 1078 stones (quivered)
Armour
 c - the +2 pair of boots of the Worm (worn) {+Inv rPois rCorr Dex+2}
   (You found it on level 15 of the Dungeon)

   It affects your dexterity (+2).
   It protects you from poison.
   It lets you turn invisible.
   It provides partial protection from all sources of acid and corrosion.
 k - a +2 troll leather armour
 G - a +2 cloak of stealth (worn)
 I - the +7 faerie dragon scales (worn) {rCorr Int+3}
   (You took it off the Enchantress on level 3 of the Depths)

   It affects your intelligence (+3).
   It provides partial protection from all sources of acid and corrosion.
 J - a +2 pair of gloves of strength (worn)
 K - the -2 helmet "Qepialit" (worn) {Str+4 Int+3 Dex+2}
   (You found it in a bailey)

   It affects your strength (+4).
   It affects your intelligence (+3).
   It affects your dexterity (+2).
 T - a +3 buckler (worn)
Magical Staves
 b - an uncursed staff of conjuration
 F - an uncursed staff of earth
Jewellery
 m - the amulet "Ehuzel" {+Blink +Fly Will- Regen+ Stlth+}
   (You found it on level 14 of the Dungeon)

   [amulet of regeneration]

   It affects your willpower, your defense against some magical effects.
   It lets you fly.
   It lets you blink.
   It increases your rate of regeneration.
   It makes you more stealthy.
 t - an uncursed amulet of reflection
 u - a +6 ring of intelligence
 x - the amulet of the Evening (around neck) {Acrobat Fragile rPois Int+3 Slay+5}
   (You took it off a deep elf high priest on level 3 of the Elven Halls)

   [amulet of the acrobat]

   It helps you evade while moving and waiting.
   It affects your intelligence (+3).
   It affects your accuracy and damage with ranged weapons and melee attacks
   (+5).
   It protects you from poison.
   It will be destroyed if unequipped.
 H - the ring "Ytear" {rF+ Dex+3 SInv Stlth-}
   (You took it off a deep elf elementalist on level 3 of the Elven Halls)

   [ring of attention]

   It affects your dexterity (+3).
   It protects you from fire.
   It lets you see invisible.
   It makes you less stealthy.
 P - a +4 ring of evasion
 Q - a +4 ring of slaying (right hand)
 Y - a +4 ring of protection (left hand)
Wands
 r - a wand of digging (15)
 A - a wand of flame (120)
 M - a wand of disintegration (32)
 N - a wand of enslavement (19)
 S - a wand of iceblast (25)
Scrolls
 f - a scroll of brand weapon
 g - 4 scrolls of fog
 o - 29 scrolls of remove curse
 s - 5 scrolls of holy word
 v - 11 scrolls of teleportation
 y - 9 scrolls of amnesia
 B - 2 scrolls of blinking
 D - 6 scrolls of fear
 R - 4 scrolls of magic mapping
 U - 6 scrolls of enchant weapon
 Z - 27 scrolls of identify
Potions
 d - 8 potions of magic
 e - 5 potions of cancellation
 j - 19 potions of curing
 l - 4 potions of heal wounds
 n - 8 potions of might
 p - 5 potions of haste
 z - 6 potions of invisibility
 C - 2 potions of ambrosia
 E - 6 potions of brilliance
 V - 5 potions of mutation
 W - 4 potions of berserk rage
 X - 4 potions of resistance
Miscellaneous
 w - a phial of floods
 L - a tin of tremorstones (2/2)


   Skills:
 + Level 14.2 Fighting
 - Level 16.0 Maces & Flails
 - Level 6.9 Armour
 + Level 12.0 Dodging
 + Level 12.6 Stealth
 - Level 4.0 Shields
 + Level 11.7 Spellcasting
 - Level 19.1 Conjurations
 - Level 0.7 Transmutations
 - Level 8.2 Fire Magic
 * Level 22.4 Earth Magic
 + Level 12.9 Invocations
 - Level 4.9 Evocations


You had 8 spell levels left.
You knew the following spells:

 Your Spells              Type           Power        Failure   Level
a - Sandblast             Erth           100%         0%          1
b - Starburst             Conj/Fire      44%          1%          6
c - Passwall              Tmut/Erth      68%          1%          2
d - Blink                 Tloc           N/A          3%          2
e - Lee's Rapid Deconstr  Erth           56%          0%          5
g - Sticky Flame          Conj/Fire      89%          1%          4
h - Petrify               Tmut/Erth      82%          1%          4
i - Apportation           Tloc           42%          2%          1
j - Fireball              Conj/Fire      44%          1%          5
k - Lehudib's Crystal Sp  Conj/Erth      54%          2%          8

Your spell library contained the following spells:

 Spells                   Type           Power        Failure   Level
 Foxfire                  Conj/Fire      100%         0%          1
 Magic Dart               Conj           100%         0%          1
 Stone Arrow              Conj/Erth      100%         0%          3
 Shock                    Conj/Air       100%         1%          1
 Sting                    Tmut/Pois      96%          1%          1
 Conjure Flame            Conj/Fire      89%          1%          3
 Ignite Poison            Fire/Tmut/Pois 43%          1%          3
 Inner Flame              Hex/Fire       51%          1%          3
 Mephitic Cloud           Conj/Pois/Air  62%          1%          3
 Static Discharge         Conj/Air       75%          1%          3
 Leda's Liquefaction      Hex/Erth       40%          1%          4
 Bolt of Magma            Conj/Fire/Erth 49%          1%          5
 Borgnjor's Vile Clutch   Necr/Erth      40%          1%          5
 Iskenderun's Battlesphe  Conj           100%         1%          5
 Lightning Bolt           Conj/Air       37%          1%          5
 Iron Shot                Conj/Erth      54%          1%          6
 Orb of Destruction       Conj           52%          1%          7
 Animate Skeleton         Necr           42%          2%          1
 Corona                   Hex            23%          2%          1
 Summon Small Mammal      Summ           84%          2%          1
 Call Imp                 Summ           21%          3%          2
 Corpse Rot               Necr/Air       N/A          3%          2
 Poisonous Vapours        Pois/Air       42%          3%          2
 Slow                     Hex            21%          3%          2
 Swiftness                Air            21%          3%          2
 Call Canine Familiar     Summ           21%          7%          3
 Confusing Touch          Hex            21%          7%          3
 Gell's Gravitas          Tloc           10%          7%          3
 Lesser Beckoning         Tloc           10%          7%          3
 Ozocubu's Armour         Ice            21%          7%          3
 Portal Projectile        Hex/Tloc       42%          7%          3
 Summon Guardian Golem    Hex/Summ       21%          7%          3
 Teleport Other           Tloc           21%          7%          3
 Tukima's Dance           Hex            21%          7%          3
 Conjure Ball Lightning   Conj/Air       37%          7%          6
 Airstrike                Air            10%          22%         4
 Animate Dead             Necr           10%          22%         4
 Cause Fear               Hex            10%          22%         4
 Olgreb's Toxic Radiance  Pois           21%          22%         4
 Summon Ice Beast         Ice/Summ       21%          22%         4
 Summon Lightning Spire   Summ/Air       21%          22%         4
 Freezing Cloud           Conj/Ice/Air   31%          26%         6
 Spellforged Servitor     Conj/Summ      37%          36%         7
 Alistair's Intoxication  Tmut/Pois      16%          47%         5
 Yara's Violent Unravell  Hex/Tmut       12%          47%         5
 Agony                    Necr           21%          52%         5
 Metabolic Englaciation   Hex/Ice        10%          52%         5
 Silence                  Hex/Air        10%          52%         5
 Chain Lightning          Conj/Air       37%          96%         8
 Invisibility             Hex            21%          98%         6
 Ignition                 Fire           35%          99%         8
 Dragon Form              Tmut           13%          100%        7
 Shatter                  Erth           56%          22%         9
 Absolute Zero            Ice            10%          100%        9
 Dragon's Call            Summ           10%          100%        9
 Fire Storm               Conj/Fire      44%          100%        9
 Tornado                  Air            10%          100%        9


Dungeon Overview and Level Annotations

Branches:
Dungeon (15/15)            Temple (0/1) D:6            Lair (6/6) D:8
 Shoals (4/4) Lair:3        Snake (4/4) Lair:4        Slime (0/5) Lair:6
    Orc (2/2) D:11            Elf (3/3) Orc:2        Vaults (4/5) D:13
  Crypt (0/3) Vaults:3     Depths (5/5) D:15           Hell (visited)
  Sewer (visited)          Bailey (visited)           IceCv (visited)
Volcano (visited)
    Dis: Hell:1         Geh: Hell:1         Coc: Hell:1         Tar: Hell:1
    Zot: Depths:5

Altars:
Cheibriados
Hepliaklqana
Kikubaaqudgha
Makhleb
Nemelex Xobeh
Okawaru
Qazlal
Ru
Trog
Vehumet
Xom
Yredelemnul
Zin
Beogh

Shops:
D:4 *   D:9 !   D:15 }(   Orc:1 *   Orc:2 ?[:!   Elf:1 }   Elf:2 =   Snake:2 ?
Snake:4 !*}}   Vaults:2 =   Depths:1 :=}=   Depths:2 *[   Depths:3 =?
Depths:4 *

Portals:
Hell: Depths:1 Depths:2 Depths:3 Depths:4
Abyss: Shoals:2 Depths:2 Depths:3 Depths:4
Pandemonium: Depths:1 Depths:3

Annotations:
Lair:3 exclusion: oklob plant
Shoals:2 2 transporters, Fiono's ghost, adept GnTm
Elf:1 2 transporters, Nuiffe Xitzo's ghost, journeyman DrEE
Elf:2 3 runed translucent doors
Vaults:4 Sojobo
Depths:3 Xtahua
Hell Geryon


Innate Abilities, Weirdness & Mutations

You are resistant to torment.
Your stone body is resilient. (AC +18)
You are immune to poison.
Your large and strong wings let you fly indefinitely.
You resist negative energy. (rN+)
You are resistant to electric shocks. (rElec)
You can survive without breathing.
You are immune to petrification.
You are immune to miasma.


Message History

The spriggan air mage waves its arms in wide circles.
The air twists around and violently strikes you in flight!!
The polar bear misses you. The polar bear barely misses you. x2
You fly upwards.
The polar bear is no longer berserk.
The polar bear disappears in a puff of smoke!
The elephant is no longer berserk.
The elephant disappears in a puff of smoke!
There is a stone staircase leading down here.
Casting: Lehudib's Crystal Spear (dangerous; 2% risk of failure)
Confirm with . or Enter, or press ? or * to list all spells.
You miscast Blink.
You are very lightly contaminated with residual magic.
Nothing appears to happen.
The spriggan berserker hits you with a +0 hand axe!
* * * LOW HITPOINT WARNING * * *
The spriggan air mage waves its arms in wide circles.
The air twists around and violently strikes you in flight!!
* * * LOW HITPOINT WARNING * * *
The spriggan berserker hits you with a +0 hand axe!
You die...

#.....###.###...........#....
#........∩....###.#####.#....
#.≈≈≈≈###.###.# #.......'....
#.≈####X#.#*### #######.#....
#.≈# ####.#### #.####≈ #.≈#
#≈.#.#### #.# #. #.≈###≈.#.#
#.# ### #.≈≈≈≈≈.#.####
#.###.≈ #.≈≈≈≈≈.'..i@#
#...... #.......#..i.#
####### #.......###### #
######### # #


You could see a spriggan berserker (berserk) and a spriggan air mage (repels
missiles).

Vanquished Creatures
  Mara (Depths:1)
  Vashnia (Snake:2)
  A golden dragon (Depths:4)
  the Enchantress (Depths:3)
  A bone dragon (Abyss:2)
  The ghost of Odgheh the Warrior, an adept GnFi of the Shining One (Snake:1)
  3 liches (Abyss:2)
  2 deep elf blademasters (Elf:3)
  Asterion (Depths:3)
  A deep elf master archer (Elf:3)
  A kraken (Shoals:2)
  2 thorn hunters (Depths:3)
  A sphinx (Depths:4)
  An Executioner (Abyss:2)
  A shadow dragon (Depths:3)
  Kirke (D:14)
  Roxanne (Shoals:2)
  Ilsuiw (Shoals:4)
  10 frost giants
  5 nagarajas (Snake:4)
  7 fire giants
  9 deep elf sorcerers
  Aizul (Snake:3)
  Louise (D:13)
  A curse skull (Vaults:3)
  8 ironheart preservers
  7 vault wardens
  6 deep elf elementalists (Elf:3)
  A ghoul (Vaults:2)
  A war gargoyle (Vaults:1)
  3 spriggan defenders (Depths:3)
  8 very ugly things
  2 vampire knights
  11 stone giants
  8 deep elf demonologists
  7 deep elf annihilators (Elf:3)
  An entropy weaver (Vaults:2)
  Snorg (D:14)
  8 merfolk javelineers
  9 ettins
  A green death (Depths:1)
  2 deep elf death magi (Elf:3)
  11 merfolk impalers
  Josephine (D:13)
  The ghost of MoonlitKnight the Thaumaturge, a journeyman MfIE of Vehumet (Lair:1)
  3 deep elf high priests (Elf:3)
  10 yaktaur captains
  7 fire dragons
  5 great orbs of eyes
  10 hydras
  13 naga warriors
  Harold (D:7)
  4 rakshasas
  A boulder beetle (shapeshifter) (Vaults:2)
  3 spriggan air magi
  4 alligator snapping turtles (Shoals:4)
  A monstrous demonspawn (Depths:3)
  10 boulder beetles
  2 vault guards
  20 anacondas
  2 merfolk avatars
  6 ice dragons
  9 merfolk aquamancers
  2 death knights (Vaults:2)
  9 centaur warriors
  10 dancing weapons
  13 ogre magi
  2 catoblepae
  26 two-headed ogres
  5 tengu warriors
  4 satyrs
  5 deep troll shamans
  4 vampire magi
  3 deep troll earth magi
  17 shock serpents
  5 hell hogs (Abyss:2)
  12 death yaks
  6 thrashing horrors
  14 hell knights
  2 soul eaters
  A spriggan berserker (Depths:4)
  An orc high priest (Elf:3)
  8 deep elf knights
  A storm dragon zombie (Depths:2)
  A sun demon (Volcano)
  Nergalle (Lair:2)
  27 naga sharpshooters
  3 iron trolls
  7 salamander mystics
  2 wretched stars (Abyss:2)
  A skeletal warrior (D:13)
  A sixfirhy (Abyss:3)
  4 shadow wraiths
  A deep troll (shapeshifter) (Vaults:1)
  10 sea snakes
  18 starcursed masses
  12 deep trolls
  A spark wasp zombie (Depths:2)
  2 flayed ghosts
  2 glowing orange brains
  An unseen horror (D:11)
  6 naga ritualists
  9 deep elf archers
  5 ironbrand convokers
  7 lindwurms
  A shadow demon (Depths:3)
  9 orc knights
  2 phantasmal warriors
  9 wizards
  26 harpies
  7 necromancers
  10 mana vipers
  A wolf spider zombie (D:14)
  4 wolf spiders
  10 orc sorcerers
  38 deep elf magi
  19 salamanders
  31 ugly things
  2 worldbinders (Abyss:2)
  8 cyclopes
  5 fauns
  A fire giant zombie (Abyss:2)
  8 merfolk sirens
  A moth of wrath (shapeshifter) (Vaults:1)
  16 manticores
  Joseph (D:8)
  45 black mambas
  10 elephants
  Psyche (D:8)
  2 centaur zombies
  2 rust devils (Depths:3)
  23 naga magi
  2 smoke demons (Abyss:2)
  A black mamba (shapeshifter) (Depths:3)
  3 vault sentinels
  An orange demon (Depths:1)
  11 guardian serpents
  6 molten gargoyles
  3 gargoyles
  8 water nymphs
  An ice statue (IceCv)
  9 cane toads
  A storm dragon simulacrum (Vaults:2)
  2 freezing wraiths (Vaults:4)
  A kobold demonologist (D:15)
  30 yaktaurs
  6 rime drakes
  A rime drake (shapeshifter) (Depths:1)
  6 komodo dragons
  2 tengu conjurers
  A yaktaur (shapeshifter) (Depths:1)
  3 hellwings
  2 ancient zymes (Abyss:2)
  2 red devils
  9 trolls
  A troll (shapeshifter) (Depths:4)
  24 merfolk
  A meliai (shapeshifter) (Elf:3)
  10 wind drakes
  18 polar bears
  3 hornets
  A sphinx simulacrum (Depths:2)
  7 raiju
  14 blink frogs
  5 large abominations (Abyss:2)
  21 slime creatures
  14 snapping turtles
  A raiju (shapeshifter) (D:13)
  An ettin zombie (Depths:2)
  5 spriggans
  4 ynoxinuls
  28 water elementals
  A spriggan (shapeshifter) (Elf:3)
  5 air elementals
  A spriggan skeleton (Depths:2)
  9 wraiths
  A shadow (D:14)
  A vampire (D:15)
  3 hogs (D:14)
  2 redbacks (Vaults:2)
  85 yaks
  12 wyverns
  5 basilisks
  A steam dragon (Lair:6)
  A vampire mosquito (D:14)
  6 fire elementals
  A neqoxec (Abyss:3)
  A chaos spawn (Abyss:2)
  An insubstantial wisp (Abyss:3)
  Edmund (D:4)
  6 wargs
  50 nagas
  A soldier ant (shapeshifter) (Depths:4)
  7 hell hounds
  22 water moccasins
  A floating eye (Depths:4)
  A floating eye (shapeshifter) (Depths:4)
  2 black bears (D:8)
  43 orc warriors
  5 sky beasts
  3 ice beasts
  A black bear (shapeshifter) (Vaults:2)
  A cane toad skeleton (Abyss:2)
  An eye of draining (D:13)
  4 necrophages (D:11)
  43 ogres
  A phantom (D:11)
  12 centaurs
  A boggart (Elf:1)
  10 wolves
  16 bullfrogs
  2 big kobolds (D:13)
  3 gnoll sergeants
  5 earth elementals
  A wyvern skeleton (D:13)
  3 scorpions
  12 small abominations
  An elf simulacrum (Vaults:1)
  18 killer bees
  3 electric eels
  20 wights
  3 howler monkeys
  A crimson imp (Depths:2)
  2 bullfrog zombies
  5 lava snakes (Lair:6)
  8 jellies
  3 quasits
  35 orc wizards
  17 orc priests
  2 bullfrog skeletons
  10 centaur skeletons
  6 hounds
  2 iron imps (Abyss:3)
  7 iguanas
  7 hell rats
  8 worker ants
  A killer bee zombie (D:7)
  2 hound zombies
  A hound skeleton (D:7)
  A mummy (D:11)
  A howler monkey zombie (D:7)
  2 worker ant zombies
  22 gnolls
  A howler monkey skeleton (D:8)
  9 river rats (Lair:1)
  17 adders
  4 white imps
  4 ufetubi
  2 oozes
  2 adder zombies
  2 adder skeletons
  2 worms
  2 dart slugs (D:1)
  6 leopard geckos
  95 orcs
  6 bats
  14 giant cockroaches
  9 hobgoblins
  8 jackals
  35 kobolds
  7 quokkas
  9 frilled lizards
  13 goblins
  8 rats
  4 fire vortices
  9 pillars of salt
1946 creatures vanquished.

Vanquished Creatures (others)
  A harpy (Shoals:4)
  A salamander (Depths:3)
  A jumping spider (shapeshifter) (D:14)
  A naga (Snake:4)
  An orc wizard (Orc:2)
  50 foxfires
  33 fungi
  3 pillars of salt
  101 plants
  2 starspawn tentacles (Abyss:2)
  4 tentacles (Shoals:2)
198 creatures vanquished.

Grand Total: 2144 creatures vanquished

Notes
Turn   | Place    | Note
-------+----------+-------------------------------------------
     0 | D:1      | raph the Gargoyle Earth Elementalist began the quest for
                  | the Orb.
     0 | D:1      | Reached XP level 1. HP: 10/10 MP: 3/3
   176 | D:1      | Reached XP level 2. HP: 15/15 MP: 3/5
   381 | D:1      | Reached skill level 4 in Earth Magic
   834 | D:1      | Reached XP level 3. HP: 15/19 MP: 6/6
  1307 | D:2      | Learned a level 3 spell: Stone Arrow
  1310 | D:2      | Learned a level 2 spell: Passwall
  1351 | D:2      | Reached skill level 1 in Conjurations
  1417 | D:2      | Reached XP level 4. HP: 21/24 MP: 7/7
  1581 | D:2      | Found a snail-covered altar of Cheibriados.
  2284 | D:2      | Learned a level 1 spell: Animate Skeleton
  2344 | D:3      | Reached skill level 5 in Earth Magic
  2533 | D:3      | Reached XP level 5. HP: 28/28 MP: 8/8
  3793 | D:4      | Reached XP level 6. HP: 20/32 MP: 9/9
  3901 | D:4      | Noticed an orc warrior
  3912 | D:4      | Reached skill level 6 in Earth Magic
  3930 | D:3      | Killed an orc warrior
  4543 | D:4      | Found a glowing silver altar of Zin.
  4547 | D:4      | Became a worshipper of Zin the Law-Giver
  4547 | D:4      | Reached * piety under Zin
  4591 | D:4      | Noticed Edmund
  4607 | D:4      | Killed Edmund
  4608 | D:4      | Reached XP level 7. HP: 36/36 MP: 1/10
  4781 | D:4      | Reached skill level 1 in Invocations
  4788 | D:3      | Reached skill level 7 in Earth Magic
  5018 | D:4      | Found Tuezeil's General Store.
  5057 | D:4      | Reached skill level 5 in Conjurations
  5101 | D:4      | Found a radiant altar of Vehumet.
  5103 | D:4      | Found a sparkling altar of Nemelex Xobeh.
  5275 | D:4      | Found a sacrificial altar of Ru.
  5313 | D:4      | Reached XP level 8. HP: 36/41 MP: 12/12
  5725 | D:4      | Bought a +2 robe of fire resistance for 212 gold pieces
  5754 | D:5      | Entered Level 5 of the Dungeon
  6031 | D:5      | Got a bone long sword
  6032 | D:5      | Identified the +3 long sword "Newtbane" {speed, Dex+6} (You
                  | found it on level 5 of the Dungeon)
  6281 | D:5      | Found a glowing drain.
  6311 | Sewer    | Entered a sewer
  6502 | Sewer    | Reached skill level 8 in Earth Magic
  6567 | Sewer    | Learned a level 5 spell: Lee's Rapid Deconstruction
  6569 | Sewer    | Learned a level 1 spell: Summon Small Mammal
  6652 | D:5      | Reached ** piety under Zin
  6735 | D:5      | Found a hazy altar of Hepliaklqana.
  7017 | D:5      | You fall into a shaft and drop 2 floors!
  7017 | D:7      | Found a shimmering altar of Xom.
  7517 | D:6      | Reached XP level 9. HP: 45/45 MP: 12/14
  7803 | D:6      | Learned a level 1 spell: Foxfire
  7954 | D:6      | Found a staircase to the Ecumenical Temple.
  8026 | D:6      | Found a sparkling altar of Nemelex Xobeh.
  8111 | D:7      | Reached skill level 5 in Stealth
  8111 | D:7      | Reached skill level 9 in Earth Magic
  8238 | D:7      | Noticed Harold
  8618 | D:7      | Killed Harold
  8657 | D:7      | Got a sapphire short sword
  8748 | D:6      | Identified the +3 short sword of Ravage {drain, rElec
                  | Str+4} (You found it on level 7 of the Dungeon)
  8961 | D:7      | Reached *** piety under Zin
  9349 | D:7      | Reached skill level 10 in Earth Magic
  9431 | D:7      | Reached XP level 10. HP: 51/51 MP: 7/16
  9432 | D:7      | Reached skill level 1 in Fighting
  9845 | D:7      | Reached skill level 5 in Invocations
 10056 | D:8      | Found a basalt altar of Yredelemnul.
 10094 | D:8      | Noticed a two-headed ogre
 10106 | D:8      | Killed a two-headed ogre
 10121 | D:7      | Reached skill level 5 in Spellcasting
 10308 | D:8      | Noticed Joseph
 10328 | D:8      | Killed Joseph
 10403 | D:8      | Found a flagged portal.
 10413 | Bailey   | Entered a bailey
 10522 | Bailey   | Noticed an orc knight
 10708 | Bailey   | Learned a level 4 spell: Sticky Flame
 11167 | Bailey   | Reached skill level 1 in Fire Magic
 11330 | Bailey   | Reached skill level 11 in Earth Magic
 12258 | Bailey   | Got a polished helmet
 12269 | Bailey   | Identified the -2 helmet "Qepialit" {Str+4 Int+3 Dex+2}
                  | (You found it in a bailey)
 12313 | Bailey   | Reached **** piety under Zin
 12313 | Bailey   | Reached ***** piety under Zin
 12313 | Bailey   | Reached ****** piety under Zin
 12428 | Bailey   | Zin protects you from harm!
 12445 | Bailey   | Killed an orc knight
 12757 | D:8      | Reached XP level 11. HP: 60/60 MP: 7/19
 12898 | D:8      | Found a staircase to the Lair.
 12952 | D:8      | Noticed Psyche
 12960 | D:8      | Killed Psyche
 13392 | D:4      | Bought the +7 morningstar of Guile {vorpal, Will+ Int+4
                  | Dex+4} for 844 gold pieces
 13735 | D:9      | Found Joureod's Distillery.
 13882 | D:9      | Reached skill level 5 in Dodging
 14082 | D:9      | Found a burning altar of Makhleb.
 14082 | D:9      | Found a stormy altar of Qazlal.
 14173 | D:9      | Reached skill level 1 in Maces & Flails
 15123 | D:8      | Learned a level 4 spell: Petrify
 15126 | Lair:1   | Entered Level 1 of the Lair of Beasts
 15504 | Lair:1   | Reached XP level 12. HP: 66/66 MP: 20/20
 15813 | Lair:1   | Found a runed translucent door.
 15816 | Lair:1   | Noticed MoonlitKnight's ghost (journeyman MfIE)
 15816 | Lair:1   | Identified the +12 spear of Eternal Night {vorpal, *Slow
                  | MP+9 Str+2 Stlth+}
 16017 | Lair:2   | Noticed a five-headed hydra
 16024 | Lair:2   | Killed a five-headed hydra
 16152 | Lair:2   | Noticed a seven-headed hydra
 16164 | Lair:2   | Learned a level 1 spell: Apportation
 16168 | Lair:2   | Got a pair of bloodstained gloves
 16172 | Lair:2   | Killed a seven-headed hydra
 16422 | Lair:2   | Noticed Nergalle
 16438 | Lair:1   | Identified the +2 pair of gloves of the Twelve Orbs {rElec
                  | Stlth+} (You found it on level 2 of the Lair of Beasts)
 16706 | Lair:3   | Reached skill level 5 in Fire Magic
 16745 | Lair:3   | Found a snail-covered altar of Cheibriados.
 16775 | Lair:3   | Reached XP level 13. HP: 71/72 MP: 19/22
 16854 | Lair:3   | Reached skill level 5 in Fighting
 17068 | Lair:3   | Found a staircase to the Shoals.
 17342 | Lair:3   | Reached skill level 1 in Shields
 17448 | Lair:3   | Reached skill level 10 in Maces & Flails
 18198 | Lair:4   | Found a dark tunnel.
 18217 | Volcano  | Entered a volcano
 18952 | Lair:4   | Found a staircase to the Snake Pit.
 19672 | Lair:5   | Got a pitted long sword
 19673 | Lair:5   | Identified the cursed +1 long sword of Rianel {venom, SInv}
                  | (You found it on level 5 of the Lair of Beasts)
 20375 | Lair:5   | Gained mutation: Your large and strong wings let you fly
                  | indefinitely. [Gargoyle growth]
 20375 | Lair:5   | Reached XP level 14. HP: 66/80 MP: 18/24
 20911 | D:10     | Entered Level 10 of the Dungeon
 21054 | D:10     | Learned a level 5 spell: Fireball
 21406 | D:10     | Reached skill level 12 in Earth Magic
 22128 | D:11     | Found a staircase to the Orcish Mines.
 22192 | D:11     | Identified the Incunabulum of Orientation and Poisoning
 22772 | D:4      | Bought an uncursed amulet of the acrobat for 360 gold
                  | pieces
 22914 | Orc:1    | Entered Level 1 of the Orcish Mines
 23234 | Orc:2    | Entered Level 2 of the Orcish Mines
 23470 | Orc:2    | Found a staircase to the Elven Halls.
 23472 | Orc:2    | Found a roughly hewn altar of Beogh.
 23743 | Orc:1    | Found Garuerudu's Mayhem Merchandise.
 24079 | Orc:1    | Found a bloodstained altar of Trog.
 24342 | Orc:2    | Found a roughly hewn altar of Beogh.
 24875 | Orc:2    | Found a radiant altar of Vehumet.
 24963 | Orc:2    | Found Moakipt's Book Shoppe.
 24993 | Orc:2    | Reached skill level 1 in Armour
 25023 | Orc:2    | Found an ancient bone altar of Kikubaaqudgha.
 25067 | Orc:2    | Found Fuwach's Distillery.
 25075 | Orc:2    | Bought a potion of heal wounds for 75 gold pieces
 25075 | Orc:2    | Bought a potion of flight for 45 gold pieces
 25075 | Orc:2    | Bought 2 potions of heal wounds for 150 gold pieces
 25163 | Orc:2    | Found a roughly hewn altar of Beogh.
 25280 | Orc:2    | Found Wyletyj's Magic Scroll Emporium.
 25442 | Orc:2    | Found Sysh's Antique Armour Emporium.
 26930 | D:13     | Found a frozen archway.
 26936 | IceCv    | Entered an ice cave
 27054 | IceCv    | Reached XP level 15. HP: 74/86 MP: 26/26
 27211 | IceCv    | Noticed a frost giant
 27243 | IceCv    | Zin protects you from harm!
 27244 | IceCv    | Killed a frost giant
 28224 | D:13     | Reached skill level 10 in Invocations
 28455 | D:13     | Found a gate to the Vaults.
 28679 | D:14     | Noticed Louise
 28856 | D:14     | Noticed Josephine
 28878 | D:13     | Killed Josephine
 29365 | D:14     | Noticed Snorg
 29387 | D:14     | Killed Snorg
 29592 | D:14     | Noticed Kirke
 29625 | D:14     | Killed Kirke
 29686 | D:13     | Killed Louise
 30069 | D:15     | Entered Level 15 of the Dungeon
 30303 | D:15     | Reached skill level 13 in Earth Magic
 30492 | D:15     | Found a staircase to the Depths.
 30537 | D:15     | Found Tasedgh's Antique Weapon Shoppe.
 30539 | D:15     | Found Cemon's Gadget Shop.
 31174 | D:15     | Got a pair of pitted boots
 31185 | D:15     | Identified the +2 pair of boots of the Worm {+Inv rPois
                  | rCorr Dex+2} (You found it on level 15 of the Dungeon)
 31364 | D:15     | Reached XP level 16. HP: 86/94 MP: 28/28
 31746 | Lair:2   | Killed Nergalle
 32184 | Lair:1   | Killed MoonlitKnight's ghost
 32460 | Lair:6   | Entered Level 6 of the Lair of Beasts
 33055 | Lair:6   | Reached skill level 5 in Armour
 33350 | Lair:6   | Found a large runed translucent door.
 33350 | Lair:6   | Found a large runed translucent door.
 34066 | Lair:6   | Found a staircase to the Slime Pits.
 35362 | Shoals:1 | Entered Level 1 of the Shoals
 35416 | Shoals:1 | Reached skill level 10 in Conjurations
 36723 | Shoals:2 | Reached XP level 17. HP: 61/100 MP: 24/30
 37140 | Shoals:2 | Noticed Roxanne
 37146 | Shoals:2 | Killed Roxanne
 37399 | Shoals:2 | Noticed a kraken
 37435 | Shoals:2 | Identified the cursed +0 trident of Mutilation {distort,
                  | +Fly rPois}
 37440 | Shoals:2 | Found a transporter.
 37442 | Shoals:2 | Noticed Fiono's ghost (adept GnTm)
 37450 | Shoals:2 | Noticed a tentacled starspawn
 37637 | Shoals:2 | Noticed an Executioner
 37646 | Shoals:2 | Found a transporter.
 37696 | Shoals:2 | Found a one-way gate to the infinite horrors of the Abyss.
 38251 | Shoals:3 | Reached skill level 14 in Earth Magic
 38684 | Shoals:3 | Reached skill level 10 in Fighting
 38813 | Shoals:3 | Upgraded the game from 0.26-a0-1107-g6118521029 to
                  | 0.26-a0-1126-g3318b609a0
 39722 | Snake:1  | Entered Level 1 of the Snake Pit
 39991 | Orc:2    | Bought a book of Annihilations for 1766 gold pieces
 40000 | Orc:2    | Learned a level 8 spell: Lehudib's Crystal Spear
 41270 | Snake:1  | Reached XP level 18. HP: 30/107 MP: 29/31
 41504 | Snake:1  | Reached skill level 15 in Maces & Flails
 41853 | Snake:1  | Found a runed translucent door.
 41859 | Snake:1  | Noticed Odgheh's ghost (adept GnFi)
 41893 | Snake:1  | HP: 1/107 [Odgheh's ghost/bolt of magma (70)]
 41931 | Snake:1  | Killed Odgheh's ghost
 42459 | Orc:1    | Bought a book of Fire for 715 gold pieces
 42469 | Orc:1    | Learned a level 6 spell: Starburst
 43076 | Snake:2  | Noticed Vashnia
 43696 | D:14     | Reached skill level 15 in Earth Magic
 43921 | D:14     | Reached skill level 10 in Spellcasting
 44084 | D:14     | Got a clouded emerald amulet
 44085 | D:14     | Identified the amulet "Ehuzel" {+Blink +Fly Will- Regen+
                  | Stlth+} (You found it on level 14 of the Dungeon)
 44087 | D:14     | Got an ancient robe
 44088 | D:14     | Identified the +1 robe of Ojaodat {+Inv rF+ Str+4} (You
                  | found it on level 14 of the Dungeon)
 44662 | Snake:2  | Killed Vashnia
 44888 | Snake:2  | Found Obapruut's Magic Scroll Boutique.
 44896 | Snake:2  | Bought a scroll of enchant armour for 105 gold pieces
 45902 | Snake:3  | Noticed Aizul
 45921 | Snake:3  | Killed Aizul
 46684 | Snake:4  | Entered Level 4 of the Snake Pit
 46686 | Snake:4  | Reached skill level 1 in Evocations
 47133 | Elf:1    | Entered Level 1 of the Elven Halls
 47896 | Elf:1    | Reached XP level 19. HP: 112/112 MP: 33/33
 47917 | Elf:1    | Found Okeit's Gadget Shoppe.
 48211 | Elf:1    | Reached skill level 16 in Earth Magic
 48538 | Elf:1    | Found a transporter.
 48542 | Elf:1    | Noticed Nuiffe Xitzo's ghost (journeyman DrEE)
 48575 | Elf:1    | Found a transporter.
 48804 | Elf:2    | Found Coppyt's Jewellery Shop.
 49198 | Elf:2    | Found a runed translucent gate.
 49199 | Elf:2    | Found a runed translucent gate.
 49201 | Elf:2    | Found a runed translucent gate.
 49320 | Elf:2    | Identified the cursed +2 scimitar of Power {holy, +Fly rF++
                  | Will+ Str-5}
 50296 | Orc:2    | Bought a potion of magic for 120 gold pieces
 50296 | Orc:2    | Bought a potion of heal wounds for 75 gold pieces
 50603 | Shoals:4 | Entered Level 4 of the Shoals
 50994 | Shoals:4 | Noticed Ilsuiw
 51007 | Shoals:4 | Killed Ilsuiw
 51526 | Shoals:4 | Reached skill level 17 in Earth Magic
 53654 | Shoals:4 | Got a buzzing troll leather armour
 53669 | Shoals:4 | Identified the +0 troll leather armour "Gaugyhyi" {-Tele
                  | rPois Regen+ SInv} (You found it on level 4 of the Shoals)
 53937 | Shoals:4 | Got a barnacled rune of Zot
 54038 | Shoals:4 | Reached XP level 20. HP: 117/117 MP: 2/34
 55033 | Snake:4  | Found Fiulec's Gadget Shop.
 55033 | Snake:4  | Found Ethywiok's Distillery.
 55034 | Snake:4  | Found Qexulusi's Assorted Antiques.
 55038 | Snake:4  | Found Intobept's Gadget Shop.
 55043 | Snake:4  | Reached skill level 15 in Conjurations
 55077 | Snake:4  | Bought a potion of heal wounds for 175 gold pieces
 55077 | Snake:4  | Bought a colourful book for 525 gold pieces
 55163 | Snake:4  | Reached skill level 18 in Earth Magic
 56606 | Snake:4  | Reached skill level 19 in Earth Magic
 56927 | Snake:4  | Got a serpentine rune of Zot
 57965 | Vaults:1 | Entered Level 1 of the Vaults
 57970 | Vaults:1 | Got a thick robe
 57971 | Vaults:1 | Identified the +1 robe of Mutualism {MP+9 Dex+2 Slay+3
                  | Stlth-} (You found it on level 1 of the Vaults)
 58082 | Vaults:1 | You are sucked into a shaft and drop 1 floor!
 58686 | Vaults:1 | Reached XP level 21. HP: 122/122 MP: 35/35
 58889 | Vaults:1 | Reached skill level 20 in Earth Magic
 60100 | Vaults:2 | Learned a level 2 spell: Blink
 60698 | Vaults:2 | Found Mikhongi's Jewellery Shoppe.
 62309 | Vaults:3 | Identified the +5 flail of Insufficient Pleasure {drain,
                  | rF+}
 63488 | Vaults:3 | Paralysed by a vampire knight for 2 turns
 63565 | Vaults:3 | Found a staircase to the Crypt.
 64181 | Vaults:4 | Reached XP level 22. HP: 112/130 MP: 16/36
 64369 | Vaults:4 | Noticed Sojobo
 64844 | Vaults:4 | Reached skill level 10 in Dodging
 65290 | Elf:3    | Entered Level 3 of the Elven Halls
 66173 | Elf:3    | Identified the cursed +2 rapier "Zeggazid" {chaos, rElec}
 66189 | Elf:3    | Reached skill level 10 in Stealth
 66683 | Elf:3    | Identified the +8 hand axe of Indomitability {holy, +Inv
                  | rC- rN+++ Str-2}
 66685 | Elf:3    | Reached skill level 21 in Earth Magic
 66688 | Elf:3    | Identified the ring "Ytear" {rF+ Dex+3 SInv Stlth-}
 66997 | Elf:3    | Identified the amulet of the Evening {Acrobat Fragile rPois
                  | Int+3 Slay+5}
 67344 | Elf:3    | Identified the cursed +0 scale mail of the Shining Light
                  | {Rampage rPois rC- Int+2}
 67906 | Elf:3    | Cast into level 2 of the Abyss (a deep elf demonologist)
 68109 | Abyss:2  | Found a corrupted altar of Lugonu.
 68799 | Abyss:2  | Paralysed by accursed screaming for 2 turns
 68814 | Abyss:2  | Paralysed by accursed screaming for 1 turns
 69329 | Abyss:2  | Found a corrupted altar of Lugonu.
 69420 | Abyss:2  | Found a corrupted altar of Lugonu.
 69724 | Abyss:3  | Got a brightly glowing leather armour
 69725 | Abyss:3  | Identified the +1 leather armour "Plog" {Dex+4 Stlth+} (You
                  | found it on level 3 of the Abyss)
 69861 | Elf:3    | Escaped the Abyss
 69869 | Elf:3    | Reached XP level 23. HP: 138/138 MP: 9/37
 70983 | Snake:4  | Bought 2 potions of magic for 288 gold pieces
 70983 | Snake:4  | Bought a potion of heal wounds for 90 gold pieces
 71164 | D:9      | Bought a potion of ambrosia for 104 gold pieces
 71329 | Depths:1 | Entered Level 1 of the Depths
 71844 | Depths:1 | Found Qiniok's Jewellery Shoppe.
 71845 | Depths:1 | Found Jorraevvi's Gadget Shop.
 71846 | Depths:1 | Found Cauwk's Jewellery Shoppe.
 72004 | Depths:1 | Found Fomeigen's Book Boutique.
 72150 | Depths:1 | Found a gateway to Hell.
 72179 | Depths:1 | Found a one-way gate leading to the halls of Pandemonium.
 72343 | Depths:1 | Noticed Mara
 72566 | Depths:1 | Noticed raph's illusion
 72571 | Depths:1 | Killed Mara
 73006 | Hell     | Entered the Vestibule of Hell
 73006 | Hell     | Noticed Geryon
 73165 | Depths:2 | Found Bidaqoad's Antique Armour Shoppe.
 73170 | Depths:2 | Found Zavvicuh's Assorted Antiques.
 73383 | Depths:2 | Found a flickering gateway to a bazaar.
 73395 | Bazaar   | Entered a bazaar
 73395 | Bazaar   | Found Kefirch's Antique Weapon Shop.
 73395 | Bazaar   | Found Nunniaba's Distillery.
 73420 | Bazaar   | Found Reamoe's Antique Armour Shop.
 74208 | Orc:1    | Bought a book of the Tempests for 770 gold pieces
 74386 | Depths:2 | You are sucked into a shaft and drop 1 floor!
 74394 | Depths:3 | Noticed Asterion
 74404 | Depths:3 | Killed Asterion
 74613 | Depths:3 | Found Yduazin's Jewellery Boutique.
 75010 | Depths:3 | Found Anuqa's Magic Scroll Shoppe.
 75170 | Depths:3 | Noticed the Enchantress
 75854 | Depths:3 | Killed the Enchantress
 76534 | Depths:3 | Bought a scroll of enchant armour for 112 gold pieces
 76796 | Depths:3 | Found an iron altar of Okawaru.
 76816 | Depths:3 | Noticed Xtahua
 77297 | Depths:3 | Reached skill level 22 in Earth Magic
 77991 | Depths:3 | Identified the Disquisition on Ignition
 77994 | Depths:3 | Identified Gess's Collected Works on Weightlessness
 78798 | Depths:4 | Reached XP level 24. HP: 104/147 MP: 38/38
 79299 | Depths:4 | Found Oczeub's Assorted Antiques.
 79304 | Depths:4 | Bought a potion of heal wounds for 205 gold pieces
 81852 | Depths:5 | Entered Level 5 of the Depths
 81862 | Depths:4 | HP: 7/148 [spriggan air mage/the air (30)]
 81862 | Depths:4 | Mangled by a spriggan berserker

Illustrated notes

Levels and vault maps discovered:
D:1:      co_arrival_random_square_maze, layout_loops_ring, st_stairs_13
D:2:      layout_loops_corners, cheibriados_altar_1
D:3:      minmay_roachtagon, layout_basic
D:4:      layout_cave_pools, zin_treasury, nicolae_ru_great_annihilating_truth,
          grunt_temple_overflow_open, serial_shops, shop, minmay_diced_spiral,
          uniq_edmund
D:5:      layout_loops_ring, overflow_temple_1_default,
          cheibrodos_sewer_entry_drain
D:6:      layout_basic, temple_hall, small_statue_intersection,
          nemelex_xobeh_ov_fountains_minmay
D:7:      layout_basic, lemuel_crystal_altar, minmay_fractal_squares_gapless_5,
          uniq_harold
D:8:      layout_cave_pools, nicolae_overflow_hidden_temple, lair_entry_dummy,
          enter_bailey_1, minmay_misc_feat_four_crosses, chequers_avenue,
          grunt_ministairs_3, uniq_joseph, uniq_psyche
D:9:      layout_basic, gammafunk_temple_overflow_statue, serial_shops, shop,
          nicolae_zen_rock_garden
D:10:     layout_roguey, lemuel_flamethrower_1
D:11:     layout_loops_corners, david_orc_1_choice, serial_undead,
          serial_undead_f, serial_undead_a, serial_undead_e, serial_undead_d,
          st_stairs_9
D:12:     layout_roguey [special_room_orc]
D:13:     layout_long_grid, hangedman_vaults_entry_quadrant_bands,
          portal_ice_cave_entry_pillars_1, kennysheep_cluttered_room
D:14:     layout_big_octagon, kennysheep_decorative_pillar, minivault_12,
          uniq_josephine, uniq_kirke, uniq_louise, uniq_snorg
D:15:     grunt_enter_depths_hoard, layout_basic, serial_shops, shop,
          shop_fountains, nicolae_wwwww
Lair:1:   layout_long_grid, ebering_ghost_funeral_grove, kennysheep_rathole,
          grunt_megastairs_3
Lair:2:   layout_misc_corridors, infiniplex_staircase_pool, uniq_nergalle
Lair:3:   layout_gridlike, elwin_shoals_entry_rooms, lemuel_oklob_altar
Lair:4:   layout_gridlike, guppyfry_snake_entry_garden,
          nicolae_volcano_entry_hallway, st_stairs_5,
          kennysheep_catoblepas_arena
Lair:5:   layout_roguey
Lair:6:   cheibrodos_lair_end_hotspot, layout_regular_city,
          minmay_slime_entry_pillars
Shoals:1: layout_shoals, nicolae_shoals_water_shrine
Shoals:2: layout_shoals, gammafunk_ghost_abyssal_escape, uniq_roxanne
Shoals:3: cheibrodos_shoals_roost, layout_shoals, hangedman_shoals_cup_caves
Shoals:4: shoals_end_grunt_ice, layout_shoals, shoals_ilsuiw_alternative,
          nicolae_shoals_cliffside_cave, nicolae_shoals_square_sea_wall
Snake:1:  nicolae_snakescales, layout_basic, ebering_ghost_reflecting_pool,
          st_stairs_6, grunt_ministairs_3
Snake:2:  layout_chambers, serial_shops, shop, uniq_vashnia
Snake:3:  layout_honeycomb, uniq_aizul
Snake:4:  snake_pit_salamanders_mu, layout_chambers,
          corexii_hall_statues_deadend, minmay_shoptagon
Orc:1:    layout_diamond_mine, library_closet, minmay_shop_mayhem, bloody_trog
Orc:2:    kennysheep_orc_mage_school, layout_diamond_mine, basic_altar,
          mines1_david
Elf:1:    eino_elf_arrival_customs, layout_onion_city,
          gammafunk_ghost_berserking_beasts, serial_co_window_serial,
          co_window_paths_b, co_window_paths_b, co_window_paths_b,
          co_window_paths_a, co_window_corner_a, co_window_unsneaky_path_c,
          co_window_unsneaky_path_e, co_window_broadway_a, glass_columns_b,
          glass_columns_c, glass_columns_c, glass_columns_a, glass_columns_b,
          serial_shops, shop, hangedman_elf_disciples
Elf:2:    layout_gridlike, serial_shops, shop, uniq_saint_roka
Elf:3:    minmay_elf_hall_spiked, layout_gridlike, serial_sigils_hangedman_shear
Vaults:1: st_more_cells, vaults_room_door_hall, hangedman_vaults_impose,
          vaults_mumra_chevron, nicolae_vaults_alarming, layout_vaults_omnigrid
Vaults:2: vaults_room_door_hall, nicolae_vaults_circle_grid_b, v_pattern_4,
          grunt_vaults_twisty, nicolae_vaults_hallways_thing,
          nicolae_vaults_diagonal_hallway_8, vaults_dpeg_spiral,
          nicolae_vaults_big_angled_halls, st_lines, v_misc_17, v_misc_19,
          vaults_dpeg_ring, nicolae_vaults_theta, v_misc_33,
          nicolae_vaults_network_quinsquares
          [nicolae_vaults_network_quincunx_subvault,
          nicolae_vaults_network_quincunx_subvault,
          nicolae_vaults_network_quincunx_subvault,
          nicolae_vaults_network_quincunx_subvault], hangedman_vaults_hat,
          v_misc_25, layout_vaults_maze, serial_shops, shop
Vaults:3: vaults_room_door_hall, nicolae_vaults_yaktaur_gun_rack,
          minmay_crypt_entry_simple_walls, hangedman_vaults_trim,
          hangedman_vaults_trim, vaults_dpeg_cross, vaults_dpeg_hooks,
          layout_vaults_big_room
Vaults:4: v_misc_5, hangedman_vaults_cutoff, v_alt_pattern_6,
          nicolae_vaults_ring_of_whatevers, v_misc_1,
          nicolae_vaults_three_branches, v_misc_4, ontoclasm_vaults_idyll,
          vaults_mumra_lcd, layout_vaults_omnicross, uniq_margery, uniq_sojobo
Depths:1: layout_gridville, serial_shops, nicolae_shop_waterfront,
          nicolae_twisting_strands, rand_demon_pan_entry_1, hell_entry,
          hangedman_decor_diamond_cutter, hangedman_decor_peaks_small,
          minmay_shop_grove, uniq_mara
Depths:2: minmay_distorted_concentric_squares, layout_cave_shapes, abyss_entry,
          minmay_door_square, hellmouth_1, serial_shops, bzr_firewalk,
          minivault_10, infiniplex_staircase_diamond, minmay_shop_star
Depths:3: mu_elemental_laboratory, layout_basic, hell_entry, abyss_entry,
          serial_shops, bzr_entry_islet, shop, shop, rand_demon_pan_entry_9,
          okawaru_ov_weapons_minmay, grunt_decor_fettered,
          minmay_staircase_statues_hall_small, uniq_enchantress, uniq_xtahua,
          uniq_asterion
Depths:4: minmay_quantized_circle, layout_gridlike,
          chequers_serial_rivers_marsh, abyss_entry_glasseish, hell_entry,
          serial_shops, kennysheep_little_box
Depths:5: grunt_zot_entry_alcove, layout_gridlike, enter_ziggurat_b,
          hangedman_abyss_or_decor_clamps, special_room [special_room_jelly],
          infiniplex_enter_wizlab_water, hangedman_coc_ice_floe,
          chequers_decorated_corner, nicolae_ashenzari_panopticon
Hell

Skill      XL: |  1  2  3  4  5  6  7  8  9 10 11 12 13 14 15 16 17 18 19 20 21 22 23 24 |
---------------+-------------------------------------------------------------------------+-----
Earth Magic    | 4 5 6 7 8 10 11 12 13 14 15 17 19 20 21 22 | 22.4
Conjurations   | 1 2 3 4 5 6 7 8 9 10 11 12 14 17 18 19 | 19.1
Dodging        | 2 3 4 5 6 7 8 9 10 11 12 | 12.0
Stealth        | 3 4 5 6 7 9 11 12 | 12.6
Invocations    | 1 3 4 5 6 7 9 10 11 12 | 12.9
Spellcasting   | 3 4 5 6 7 8 9 10 11 | 11.7
Fighting       | 3 4 6 7 8 9 10 11 12 13 14 | 14.2
Fire Magic     | 2 3 5 7 8 |  8.2
Maces & Flails | 9 10 11 12 13 14 16 | 16.0
Shields        | 4 |  4.0
Armour         | 2 4 5 6 |  6.9
Evocations     | 2 4 |  4.9
Transmutations | |  0.7

Action                   |  1- 3 |  4- 6 |  7- 9 | 10-12 | 13-15 | 16-18 | 19-21 | 22-24 || total
-------------------------+-------+-------+-------+-------+-------+-------+-------+-------++-------
Melee: Unarmed           |    14 |       |       |       |       |       |       |       ||    14
       Whip              |    97 |   205 |    81 |       |       |       |       |       ||   383
       Staff             |       |       |     4 |       |       |       |       |       ||     4
       Long sword        |       |       |   190 |   126 |       |       |       |       ||   316
       Dire flail        |       |       |    24 |       |       |       |       |       ||    24
       Morningstar       |       |       |       |   136 |   931 |  1162 |  1307 |  1019 ||  4555
Throw: Stone             |       |       |       |     1 |       |       |       |       ||     1
 Cast: Sandblast         |    15 |    34 |    48 |    55 |    75 |    55 |    32 |     6 ||   320
       Stone Arrow       |       |     6 |    19 |    11 |    24 |     6 |       |       ||    66
       Animate Skeleton  |       |     2 |       |       |       |       |       |       ||     2
       Lee's Rapid Decon |       |       |     5 |    61 |   105 |   134 |   100 |   129 ||   534
       Passwall          |       |       |     3 |       |       |     1 |     1 |     4 ||     9
       Foxfire           |       |       |     2 |    23 |     2 |       |       |       ||    27
       Sticky Flame      |       |       |       |     1 |    10 |    21 |    23 |    17 ||    72
       Apportation       |       |       |       |     5 |     7 |     1 |     2 |     4 ||    19
       Petrify           |       |       |       |     1 |    12 |     9 |       |     1 ||    23
       Fireball          |       |       |       |       |    20 |    53 |   102 |    37 ||   212
       Starburst         |       |       |       |       |       |     4 |     4 |       ||     8
       Lehudib's Crystal |       |       |       |       |       |       |    27 |   105 ||   132
       Blink             |       |       |       |       |       |       |     1 |     6 ||     7
Invok: Recite            |       |       |     7 |    14 |    24 |    13 |    35 |    40 ||   133
       Vitalisation      |       |       |     2 |     5 |     8 |    10 |     6 |     6 ||    37
       Sanctuary         |       |       |       |       |       |     1 |     2 |     1 ||     4
 Abil: Fly               |       |       |       |       |     1 |     1 |       |     1 ||     3
       Stop Flying       |       |       |       |       |       |     1 |       |     1 ||     2
       Evoke Invisibilit |       |       |       |       |       |       |     3 |       ||     3
       Evoke Blink       |       |       |       |       |       |       |     4 |       ||     4
Evoke: Wand              |       |       |       |     7 |       |     5 |     1 |     1 ||    14
       Phial of floods   |       |       |       |       |       |       |     1 |       ||     1
  Use: Scroll            |     4 |    10 |    10 |     6 |     9 |     9 |     9 |    14 ||    71
       Potion            |       |     1 |       |     2 |     2 |     7 |    12 |     6 ||    30
 Stab: Sleeping          |     3 |     7 |    10 |     7 |    31 |    22 |    17 |     7 ||   104
       Invisible         |       |       |       |     4 |       |       |     5 |       ||     9
       Confused          |       |       |       |       |     9 |     5 |     8 |    20 ||    42
       Paralysed         |       |       |       |       |     4 |       |       |       ||     4
       Distracted        |       |       |       |       |     3 |     5 |     7 |     7 ||    22
       Petrified         |       |       |       |       |     1 |     3 |       |       ||     4
       Petrifying        |       |       |       |       |       |     1 |       |       ||     1
Armor: Robe              |    33 |   109 |   198 |   116 |       |    10 |   126 |       ||   592
       Troll leather arm |       |       |       |    50 |   379 |   560 |   491 |   325 ||  1805
       Acid dragon scale |       |       |       |       |       |       |       |    81 ||    81
Dodge: Dodged            |    79 |   172 |   302 |   373 |   736 |  1034 |   862 |   712 ||  4270
Block: Buckler           |       |       |       |       |   229 |   417 |   475 |   334 ||  1455
       Rpst.: Long sword |       |       |    48 |    51 |       |       |       |       ||    99

Table legend: (Time is in decaauts)
 A = Elapsed time spent in this place.
 B = Non-inter-level travel time spent in this place.
 C = Inter-level travel time spent in this place.
 D = Time resting spent in this place.
 E = Time spent auto-exploring this place.
 F = Levels seen in this place.
 G = Mean time per level.
                   A        B        C        D        E       F      G
               +--------+--------+--------+--------+--------+-----+--------+
         Total |  81189 |  73449 |   7740 |  29927 |  25246 |  51 | 1591.9 |
       Dungeon |  21921 |  18781 |   3140 |   6422 |   7895 |  15 | 1461.4 |
          Lair |  10761 |   9151 |   1610 |   3446 |   3604 |   6 | 1793.5 |
        Shoals |   8265 |   7849 |    416 |   3870 |   2125 |   4 | 2066.2 |
     Snake Pit |   7963 |   7194 |    769 |   2185 |   2925 |   4 | 1990.8 |
  Orcish Mines |   3194 |   2567 |    627 |   1016 |    868 |   2 | 1597.0 |
   Elven Halls |   6146 |   5769 |    377 |   2949 |   1595 |   3 | 2048.7 |
        Vaults |   6990 |   6754 |    236 |   2724 |   2494 |   4 | 1747.5 |
        Depths |   9919 |   9356 |    563 |   4666 |   2626 |   5 | 1983.8 |
          Hell |      1 |      1 |      0 |      0 |      0 |   1 |    1.0 |
         Abyss |   1849 |   1849 |      0 |    438 |    414 |   2 |  924.5 |
        Bazaar |    115 |    115 |      0 |      0 |     47 |   1 |  115.0 |
         Sewer |    336 |    336 |      0 |    159 |     62 |   1 |  336.0 |
        Bailey |   2336 |   2336 |      0 |   1557 |    126 |   1 | 2336.0 |
      Ice Cave |    836 |    836 |      0 |    280 |    240 |   1 |  836.0 |
       Volcano |    549 |    549 |      0 |    214 |    223 |   1 |  549.0 |
               +--------+--------+--------+--------+--------+-----+--------+

Top non-repeatable levels by time:
Depths:3: 3431 daAuts
   Elf:3: 3406 daAuts
Shoals:3: 2735 daAuts
Shoals:4: 2695 daAuts
 Snake:4: 2602 daAuts
Depths:4: 2525 daAuts
Vaults:2: 2444 daAuts
 Snake:1: 2416 daAuts
  Bailey: 2336 daAuts
  Lair:3: 2286 daAuts
  Lair:6: 2194 daAuts
   Orc:2: 2122 daAuts
     D:3: 2066 daAuts
    D:11: 2059 daAuts
  Lair:5: 1997 daAuts
